 Dungeon Crawl Stone Soup version 0.18.1-5-g4a78601 (webtiles) character file.

5450 imganon the Cleaver (level 10, -5/105 HPs)
             Began as a Demonspawn Berserker on May 13, 2016.
             Was a High Priest of Trog.
             Slain by an orc warrior
             ... wielding a +2 glaive of flaming
              (24 damage)
             ... on level 8 of the Dungeon.
             The game lasted 00:25:40 (7616 turns).

imganon the Cleaver (Demonspawn Berserker)          Turns: 7616, Time: 00:25:41

Health: -5/105     AC: 11    Str: 25    XL:     10   Next: 41%
Magic:  10/10      EV:  7    Int: 10    God:    Trog [*****.]
Gold:   379        SH:  0    Dex: 17    Spells: 0 memorised, 9 levels left

rFire  . . .     SeeInvis +     H - +0 war axe
rCold  . . .     Gourm    +     x - +0 plate armour
rNeg   . . .     Faith    .     (no shield)
rPois  .         Spirit   .     (helmet restricted)
rElec  .         Dismiss  .     (no cloak)
rCorr  .         Reflect  .     (no gloves)
SustAt .         Harm     .     L - +0 pair of boots
MR     .....                    E - amulet of the gourmand
Stlth  ..........               M - +5 ring of dexterity
                                w - ring of see invisible

@: berserking, very quick, not resistant to hostile enchantments, extremely
unstealthy
A: horns 1, powered by death 1, spiny 1
a: Berserk, Trog's Hand, Brothers in Arms, Burn Spellbooks, Renounce Religion


You were on level 8 of the Dungeon.
You worshipped Trog.
Trog was extremely pleased with you.
You were completely stuffed.

You visited 1 branch of the dungeon, and saw 8 of its levels.
You also visited: Sewer.

You collected 379 gold pieces.

Inventory:

Hand Weapons
 a - a +0 hand axe
 H - a +0 war axe (weapon)
Missiles
 o - 2 tomahawks of returning (quivered)
Armour
 x - a +0 plate armour (worn)
 L - a +0 pair of boots (worn)
Jewellery
 k - an uncursed ring of teleportation
 w - a ring of see invisible (left hand)
 E - an amulet of the gourmand (around neck)
 M - a +5 ring of dexterity (right hand)
 P - an uncursed ring of ice
Wands
 u - a wand of flame (22/48)
 y - a wand of iceblast (7/15)
 O - a wand of iceblast (8/15)
Scrolls
 e - a scroll of enchant armour {unknown}
 i - 4 scrolls of identify
 p - 4 scrolls of remove curse
 r - 2 scrolls of enchant weapon
 s - 2 scrolls of blinking
 B - a scroll of teleportation
 C - 3 scrolls of recharging
 D - a scroll of vulnerability {unknown}
 J - a scroll of magic mapping {unknown}
 K - a scroll of noise {unknown}
Potions
 b - 2 potions of resistance {unknown}
 g - a potion of cure mutation
 h - 2 potions of might
 j - a potion of brilliance
 l - 9 potions of heal wounds
 n - 9 potions of curing
 q - a potion of agility
 t - a potion of flight {unknown}
 v - 2 potions of haste {unknown}
 z - 2 potions of magic {unknown}
 F - a potion of lignification {unknown}
 G - a potion of cancellation {unknown}
 I - a potion of degeneration {unknown}
Comestibles
 c - 6 bread rations
 d - 2 slices of pizza
 f - a royal jelly
 m - 3 meat rations
 A - 2 beef jerkies
 N - 10 chunks of flesh


   Skills:
 - Level 3.0 Fighting
 + Level 13.9 Axes
 - Level 1.7 Armour
 - Level 1.7 Dodging


You had 9 spell levels left.
You didn't know any spells.

Dungeon Overview and Level Annotations

Branches:
Dungeon (8/15)             Temple (0/1) D:6
   Lair: D:8-11

Altars:
Ashenzari
Cheibriados
Dithmenos
Elyvilon
Kikubaaqudgha
Makhleb
Nemelex Xobeh
Qazlal
Sif Muna
Trog
Vehumet
Xom
Yredelemnul
Zin
The Shining One
Beogh


Innate Abilities, Weirdness & Mutations

You have a pair of small horns on your head.
You regenerate a little health from kills.
You are partially covered in sharp spines.


Message History

Unknown command.
You hit the orc warrior. Your headbutt misses the orc warrior.
The orc warrior is severely wounded.
The orc warrior hits you with a glaive of flaming!
* * * LOW HITPOINT WARNING * * *
The orc warrior burns you.
* * * LOW HITPOINT WARNING * * *
Unknown command.
You barely miss the orc warrior. You headbutt the orc warrior.
The orc warrior is severely wounded.
Unknown command.
Unknown command.
You closely miss the orc warrior. Your headbutt misses the orc warrior.
The orc warrior is severely wounded.
Unknown command.
Unknown command.
You closely miss the orc warrior.
The orc warrior is severely wounded.
The orc warrior hits you with a glaive of flaming!!
You die...

#...................#####......
#..>.............#######..#.##.
#................###...........
#..............................
#######..##.[.............#.....
#........##.....(..##.........<.
#.............................).
#........)#).......#......#.....
#..>..........o@)...............
#........###....).#..###...##...
#........# #........## ###..#..#
#........# ######..## #..#...
##################### #......
####.............######.<.#.#
#.##8....8..8..8..8##.....#.#
#..#8).............)#........
#_.'..............()[(.......


You could see an orc warrior.

Vanquished Creatures
  Erolcha (D:8)
  Pikel (D:4)
  A two-headed ogre (D:8)
  Grinder (D:5)
  Eustachio (D:4)
  Duvessa (D:6)
  2 slaves (D:3)
  2 sky beasts (D:8)
  3 orc warriors
  5 ogres
  A centaur (D:8)
  A big kobold (Sewer)
  The ghost of M4edhros the Sneak, an amateur OpAr (D:4)
  Blork the orc (D:6)
  4 giant frogs
  A wyvern zombie (D:8)
  Dowan (D:6)
  8 scorpions
  5 wights (D:7)
  4 killer bees (D:8)
  3 crimson imps
  2 hounds
  A centaur skeleton (D:8)
  5 orc priests
  9 orc wizards
  2 giant frog skeletons
  Jessica (D:2)
  Natasha (twice) (D:2)
  5 worker ants
  A worker ant zombie (D:6)
  A howler monkey skeleton (D:5)
  4 gnolls (D:4)
  14 adders
  3 river rats (Sewer)
  A shadow imp (D:5)
  An ooze (D:4)
  An adder skeleton (D:6)
  3 adder zombies
  5 worms
  2 dart slugs
  6 giant geckos
  35 orcs
  6 ball pythons
  6 giant cockroaches
  11 goblins
  2 hobgoblins (D:3)
  7 jackals
  A quokka (D:3)
  10 bats
  A giant gecko skeleton (D:8)
  4 giant newts
  A jackal skeleton (D:7)
  23 kobolds
  A quokka skeleton (D:6)
  26 rats
  A spectral orc (D:2)
252 creatures vanquished.

Vanquished Creatures (others)
  An ogre (D:4)
  An iguana (D:4)
  3 orcs (D:4)
  A giant newt (D:4)
  A fungus (D:7)
7 creatures vanquished.

Grand Total: 259 creatures vanquished

Notes
Turn   | Place    | Note
--------------------------------------------------------------
     0 | D:1      | imganon the Demonspawn Berserker began the quest for the Orb.
     0 | D:1      | Reached XP level 1. HP: 18/18 MP: 1/1
    78 | D:1      | Reached skill level 3 in Axes
    90 | D:1      | Gained mutation: You regenerate a little health from kills. [demonic ancestry]
    90 | D:1      | Reached XP level 2. HP: 12/24 MP: 2/2
   718 | D:1      | Reached ** piety under Trog
   927 | D:2      | Noticed Natasha
   940 | D:2      | Noticed a crimson imp
   941 | D:2      | Killed Natasha
   941 | D:2      | Reached skill level 4 in Axes
   941 | D:2      | Reached XP level 3. HP: 26/29 MP: 3/3
   946 | D:2      | Found a sparkling altar of Nemelex Xobeh.
  1134 | D:2      | Found a white marble altar of Elyvilon.
  1237 | D:2      | Noticed Natasha
  1250 | D:2      | Killed Natasha
  1250 | D:2      | Reached XP level 4. HP: 21/35 MP: 4/4
  1261 | D:2      | Found a bloodstained altar of Trog.
  1303 | D:2      | Noticed Jessica
  1309 | D:2      | Killed Jessica
  1309 | D:2      | Reached skill level 5 in Axes
  1358 | D:2      | Found a radiant altar of Vehumet.
  1528 | D:2      | Found a basalt altar of Yredelemnul.
  1743 | D:3      | Reached XP level 5. HP: 36/41 MP: 5/5
  1948 | D:3      | Found a shattered altar of Ashenzari.
  2026 | D:3      | Reached *** piety under Trog
  2147 | D:3      | Found a glowing drain.
  2151 | Sewer    | Entered a sewer
  2171 | Sewer    | Received a gift from Trog
  2275 | Sewer    | Reached skill level 6 in Axes
  2275 | Sewer    | Reached XP level 6. HP: 47/47 MP: 6/6
  2389 | Sewer    | Reached **** piety under Trog
  2404 | Sewer    | Received a gift from Trog
  3245 | D:4      | Noticed a slave
  3246 | D:4      | Noticed a slave
  3258 | D:4      | Noticed a slave
  3259 | D:4      | Noticed a slave
  3260 | D:4      | Noticed Pikel
  3275 | D:3      | Killed a slave
  3280 | D:3      | Killed a slave
  3333 | D:4      | Killed Pikel
  3333 | D:4      | Reached skill level 8 in Axes
  3333 | D:4      | Gained mutation: You have a pair of small horns on your head. [demonic ancestry]
  3333 | D:4      | Reached XP level 7. HP: 34/52 MP: 7/7
  3456 | D:4      | Found a shimmering altar of Xom.
  3595 | D:4      | Reached XP level 8. HP: 57/58 MP: 8/8
  3599 | D:4      | Noticed Eustachio
  3627 | D:4      | Killed Eustachio
  3627 | D:4      | Reached skill level 9 in Axes
  3680 | D:4      | Noticed M4edhros's ghost (amateur OpAr)
  3694 | D:4      | Killed M4edhros's ghost
  3753 | D:4      | Found a glowing golden altar of the Shining One.
  3896 | D:4      | Reached skill level 10 in Axes
  3996 | D:5      | Entered Level 5 of the Dungeon
  4311 | D:5      | Noticed Grinder
  4317 | D:5      | Paralysed by Grinder for 2 turns
  4323 | D:5      | Killed Grinder
  4765 | D:6      | Noticed Duvessa
  4765 | D:6      | Noticed Dowan
  4785 | D:6      | Killed Duvessa
  4785 | D:6      | Reached ***** piety under Trog
  4785 | D:6      | Reached skill level 11 in Axes
  4785 | D:6      | Gained mutation: You are partially covered in sharp spines. [demonic ancestry]
  4785 | D:6      | Reached XP level 9. HP: 63/63 MP: 9/9
  4796 | D:6      | Killed Dowan
  4908 | D:6      | Noticed Blork the orc
  4915 | D:6      | Killed Blork the orc
  5330 | D:6      | Found a staircase to the Ecumenical Temple.
  5399 | D:6      | Found a deep blue altar of Sif Muna.
  5768 | D:7      | Reached skill level 12 in Axes
  5811 | D:7      | Found a burning altar of Makhleb.
  5861 | D:7      | Found a shadowy altar of Dithmenos.
  5888 | D:7      | Found a stormy altar of Qazlal.
  6397 | D:8      | Found an ancient bone altar of Kikubaaqudgha.
  6398 | D:8      | Found a glowing silver altar of Zin.
  6677 | D:8      | Found a runed door.
  6687 | D:8      | Reached skill level 13 in Axes
  6709 | D:8      | Reached XP level 10. HP: 70/70 MP: 10/10
  6712 | D:8      | Noticed Erolcha
  6722 | D:8      | Killed Erolcha
  6794 | D:8      | Found a snail-covered altar of Cheibriados.
  7533 | D:8      | Found a roughly hewn altar of Beogh.
  7604 | D:8      | Received a gift from Trog
  7616 | D:8      | Slain by an orc warrior

Skill      XL: |  1  2  3  4  5  6  7  8  9 |
---------------+----------------------------+-----
Axes           | 3 4 5 6 8 11 13 | 13.9
Fighting       | |  3.0
Armour         | |  1.7
Dodging        | |  1.7

Action                   |  1- 3 |  4- 6 |  7- 9 | 10-12 || total
-------------------------+-------+-------+-------+-------++-------
Melee: Hand axe          |   116 |   323 |   269 |       ||   708
       Headbutt          |       |       |    70 |    25 ||    95
       War axe           |       |       |   107 |    98 ||   205
Invok: Berserk           |       |     3 |     7 |     2 ||    12
       Burn Spellbooks   |       |       |     1 |       ||     1
  Use: Scroll            |     5 |       |     4 |       ||     9
       Potion            |       |       |     1 |       ||     1
  Eat: Chunk             |     1 |    10 |    21 |    12 ||    44
Armor: Animal skin       |     4 |       |       |       ||     4
       Leather armour    |    12 |       |       |       ||    12
       Ring mail         |    16 |    77 |       |       ||    93
       Scale mail        |       |    54 |     5 |       ||    59
       Plate armour      |       |       |   177 |    32 ||   209
Dodge: Dodged            |    71 |   199 |    93 |    22 ||   385
